 Dungeon Crawl Stone Soup version 0.28-a0-687-gb91baff9cc (webtiles) character file.

Game seed: 10817943588469028904

147 acebull12 the Magician (level 5, 0/36 HPs)
             Began as a Djinni Ice Elementalist on Oct 20, 2021.
             Was an Initiate of Makhleb.
             Slain by a shadow imp (1 damage)
             ... summoned by Natasha
             ... on level 3 of the Dungeon.
             The game lasted 00:10:10 (4086 turns).

acebull12 the Magician (Djinni Ice Elementalist)    Turns: 4086, Time: 00:10:10

Health: 0/36       AC:  4    Str:  7    XL:     5   Next: 54%
Gold:   55         EV: 11    Int: 23    God:    Makhleb [......] SH:  0 Dex: 14

rFire   + + .      SeeInvis .   k - +0 dagger (elec)
rCold   x . .      Faith    .   (no shield)
rNeg    . . .      Spirit   .   l - +0 leather armour
rPois   ∞          Reflect  .   (helmet currently unavailable)
rElec   .          Harm     .   (no cloak)
rCorr   .          Rampage  .   i - +0 pair of gloves
Will    .....                   (boots unavailable)
Stlth   ++........              (no amulet)
HPRegen 0.12/turn               e - +6 ring of intelligence
MPRegen 0.00/turn               (no ring)

@: appendages, freezing walls, flying, very slightly contaminated
A: horns 2, flying, sickness immunity, fire resistance 2, cold vulnerability 1,
float, innate caster, hp casting, extra vitality 1
a: End Transformation, Renounce Religion


You were on level 3 of the Dungeon.
You worshipped Makhleb.
Makhleb was noncommittal.
You had temporarily grown beastly horns.
You visited 1 branch of the dungeon, and saw 3 of its levels.

You collected 55 gold pieces.

Inventory:

Hand Weapons
 k - a +0 dagger of electrocution (weapon)
Armour
 f - a +0 helmet (melded)
 i - a +0 pair of gloves (worn)
 l - a +0 leather armour (worn)
Jewellery
 a - a +4 ring of protection
 c - an amulet of faith
 e - a +6 ring of intelligence (left hand)
Scrolls
 d - 3 scrolls of identify {unknown}
 g - a scroll of teleportation {unknown}
 h - a scroll of enchant armour {unknown}
 m - a scroll of vulnerability {unknown}
Potions
 b - a potion of brilliance {unknown}
 j - a potion of flight {unknown}


   Skills:
 * Level 0.6 Fighting
 + Level 2.3 Dodging
 - Level 1.5 Stealth
 * Level 4.9 Spellcasting


You couldn't memorise any spells.
You knew the following spells:

 Your Spells              Type           Power      Damage    Failure   Level
a - Freeze                Ice            100%       1d11      1%          1
b - Frozen Ramparts       Ice            56%        1d7       5%          3
c - Ozocubu's Armour      Ice            28%        N/A       5%          3
d - Hailstorm             Conj/Ice       28%        3d8       19%         4
e - Beastly Appendage     Tmut           56%        N/A       1%          1
f - Blink                 Tloc           N/A        N/A       2%          2
Your spell library was empty.

Dungeon Overview and Level Annotations

Branches:
Dungeon (3/15)

Altars:
Makhleb
Uskayaw

Annotations:
D:3 Natasha


Innate Abilities, Weirdness & Mutations

You have temporarily grown beastly horns.
You are flying.
You are immune to sickness and miasma.
You are immune to poison.
Your flesh is very heat resistant. (rF++)
You are vulnerable to cold. (rC-)
You float through the air rather than walking.
You learn spells naturally, not from books.
Your magical power is your life essence.
You have superior vitality. (+4 HP)


Message History

Natasha resists.
The wall freezes Natasha.
Casting: Frozen Ramparts (dangerous; 5% risk of failure)
Confirm with . or Enter, or press ? or * to list all spells.
You grow a pair of large bovine horns.
Your +0 helmet melds into your body.
Natasha resists.
The wall freezes Natasha.
The shadow imp resists.
The wall freezes the shadow imp.
The shadow imp gestures at you. Pain shoots through your body!
* * * LOW HITPOINT WARNING * * *
Casting: Beastly Appendage (safe; 1% risk of failure)
Confirm with . or Enter, or press ? or * to list all spells.
You miscast Beastly Appendage.
You are very lightly contaminated with residual magic.
Nothing appears to happen.
* * * LOW HITPOINT WARNING * * *
Natasha resists.
The wall freezes Natasha.
The shadow imp completely resists.
The wall freezes the shadow imp but does no damage.
The shadow imp closely misses you.
Casting: Beastly Appendage (safe; 1% risk of failure)
Confirm with . or Enter, or press ? or * to list all spells.
Aiming: Freeze (safe; 1% risk of failure)
Press: ? - help, Shift-Dir - straight line, f - shadow imp
Aim: a shadow imp (moderately wounded, summoned)
You freeze the shadow imp but do no damage.
The shadow imp completely resists.
* * * LOW HITPOINT WARNING * * *
Natasha resists.
The wall freezes Natasha.
The shadow imp completely resists.
The wall freezes the shadow imp but does no damage.
The shadow imp hits you.
* * * LOW HITPOINT WARNING * * *
Unknown command.
Casting: Freeze (safe; 1% risk of failure)
Confirm with . or Enter, or press ? or * to list all spells.
You don't have enough health to cast this spell.
Natasha resists.
The wall freezes Natasha.
Natasha casts a spell.
The shadow imp completely resists.
The wall freezes the shadow imp but does no damage.
The shadow imp hits you.
You die...

......# #.....### ####.......
..........
#........##.#+########.#
'......5.+.......<......
#......h.##.......####..
#######5######+#..# #.. #@#
#......# #.. ########.# #......#
#.. #.# #......#.## #......####..
... #.........###........##.. #.#
#)..P..PP...+....#.......
#.#######...PP..P..##......#.##..
#.##........PP..PP.........#.....
#.##÷........PP..P..#####..#####.
#.##......._.PP..P..# #....###.


You could see Natasha (resistant), a white imp (summoned) and a shadow imp
(summoned).

Vanquished Creatures
  Natasha (D:3)
  3 gnolls (D:2)
  3 adders
  2 worms
  3 dart slugs (D:1)
  2 orcs (D:3)
  2 ball pythons (D:3)
  8 endoplasms
  4 giant cockroaches
  A goblin (D:2)
  4 hobgoblins (D:2)
  5 jackals
  2 kobolds (D:1)
  6 bats
  2 frilled lizards
  6 rats
54 creatures vanquished.

Notes
Turn   | Place    | Note
-------+----------+-------------------------------------------
     0 | D:1      | acebull12 the Djinni Ice Elementalist began the quest for
                  | the Orb.
     0 | D:1      | Reached XP level 1. HP: 15/15 MP: 0/0
     1 | D:1      | Found a runed translucent door.
   293 | D:1      | Reached XP level 2. HP: 17/21 MP: 0/0
  1428 | D:1      | Reached XP level 3. HP: 19/25 MP: 0/0
  1428 | D:1      | Learned a level 1 spell: Beastly Appendage
  1438 | D:1      | Reached skill level 4 in Spellcasting
  2236 | D:2      | Reached XP level 4. HP: 1/31 MP: 0/0
  3436 | D:2      | Reached XP level 5. HP: 33/36 MP: 0/0
  3436 | D:2      | Learned a level 2 spell: Blink
  3600 | D:3      | Noticed Natasha
  3612 | D:3      | Killed Natasha
  3763 | D:3      | Found a hide-covered altar of Uskayaw.
  3907 | D:3      | Found a burning altar of Makhleb.
  3922 | D:3      | Became a worshipper of Makhleb the Destroyer
  4072 | D:3      | Noticed Natasha
  4085 | D:3      | HP: 1/36 [shadow imp[Natasha] (3)]
  4086 | D:3      | Slain by a shadow imp

Illustrated notes

Levels and vault maps discovered:
D:1:      dpeg_arrival_caged_fury, layout_basic
D:2:      layout_loops_ring
D:3:      layout_basic, mainiacjoe_overflow_catch_the_wave,
          chequers_ecumenical_altar_twisty, uniq_grinder, uniq_natasha

Skill      XL: |  1  2  3 |
---------------+----------+-----
Spellcasting   | 4 |  4.9
Fighting       | |  0.6
Dodging        | |  2.3
Stealth        | |  1.5

Action                   |  1- 3 |  4- 6 || total
-------------------------+-------+-------++-------
Melee: Dagger            |    12 |    30 ||    42
       Headbutt          |       |     4 ||     4
 Cast: Freeze            |    50 |    29 ||    79
       Beastly Appendage |     1 |     5 ||     6
       Frozen Ramparts   |     1 |     3 ||     4
       Ozocubu's Armour  |       |     1 ||     1
 Stab: Sleeping          |       |     1 ||     1
Armor: Robe              |     6 |    14 ||    20
       Leather armour    |       |     1 ||     1
Dodge: Dodged            |    26 |    36 ||    62

Table legend: (Time is in decaauts)
 A = Elapsed time spent in this place.
 B = Non-inter-level travel time spent in this place.
 C = Inter-level travel time spent in this place.
 D = Time resting spent in this place.
 E = Time spent auto-exploring this place.
 F = Levels seen in this place.
 G = Mean time per level.
                   A        B        C        D        E       F      G
               +--------+--------+--------+--------+--------+-----+--------+
         Total |   4090 |   3844 |    246 |   1319 |   2071 |   3 | 1363.3 |
       Dungeon |   4090 |   3844 |    246 |   1319 |   2071 |   3 | 1363.3 |
               +--------+--------+--------+--------+--------+-----+--------+

Top non-repeatable levels by time:
     D:1: 2293 daAuts
     D:2: 1283 daAuts
     D:3: 512 daAuts
